Oilers vs Flames

Created - 19 février 2013 at 19:06

Goals
1 2 3 T
Oilers 2 3 3 8
Flames 1 1 2 4
Shots
1 2 3 T
Oilers 8 9 13 30
Flames 8 22 9 39

1st period

1. Oilers , Ilya Kovalchuk 16 (Steve Begin) at 7:15
2. Oilers , Pierre-Marc Bouchard 11 (Ilya Kovalchuk) at 8:02
3. Flames , David Backes 13 (Eric Staal, Alexander Semin) at 8:16

Penalties :
Rob Blake (Cal) for High sticking (Minor) at 1:57

2nd period

4. Oilers , Patrick Marleau 10 (Jonathan Toews, Joe Pavelski) at 10:46 (PP)
5. Flames , Eric Staal 17 (David Backes, Alexander Semin) at 12:47 (PP)
6. Oilers , Ilya Kovalchuk 17 (Pavol Demitra, Pierre-Marc Bouchard) at 14:02 (PP)
7. Oilers , Ian White 3 (Joe Pavelski, Patrick Marleau) at 15:13

Penalties :
Eric Staal (Cal) for Holding Stick (Minor) at 6:20, Petr Schastlivy (Cal) for Boarding (Minor) at 10:12, Erik Rasmussen (Edm) for Goalie Interference (Minor) at 12:32, Tomas Kaberle (Cal) for Holding (Minor) at 13:54, Patrick Kaleta (Edm) for High sticking (Minor) at 18:56

3rd period

8. Oilers , Pierre-Marc Bouchard 12 (Ilya Kovalchuk, Jiri Slegr) at 6:33 (PP)
9. Flames , Eric Staal 18 (Alexander Semin) at 7:13
10. Oilers , Ilya Kovalchuk 18 (Ian White, Patrick Marleau) at 7:46
11. Oilers , Rob Scuderi 3 (Patrick Kaleta) at 9:18
12. Flames , Branko Radivojevic 2 (Steve Sullivan, Michal Handzus) at 11:00

Penalties :
Brett Lebda (Cal) for Hooking (Minor) at 1:45, Steven Reinprecht (Cal) for Hooking (Minor) at 6:01, David Backes (Cal) for Fighting (Major) at 6:37, Pavol Demitra (Edm) for Fighting (Major) at 6:37, Jordin Tootoo (Cal) for Fighting (Major) at 8:27, Kurtis Foster (Edm) for Fighting (Major) at 8:27

Goalie Stats

Cam Ward (Edm), 35 saves from 39 shots - (0,897), W, 15-13-3, 60:00 minutes
Craig Anderson (Cal), 13 saves from 17 shots - (0,765), L, 9-9-1, 25:58 minutes
Pekka Rinne (Cal), 9 saves from 13 shots - (0,692), 34:02 minutes

Players Stats for Oilers

Player Name              G  A  P  +/- PIM S  H  SB GA TA FO     MP     PP MP  PK MP  
------------------------------------------------------------------------------------
Eric Nystrom             0  0  0   0  0   1  0  0  0  0  0/0     9:15   0:00   1:08 
Erik Rasmussen           0  0  0   0  2   0  1  0  0  1  1/2     9:36   0:13   0:51 
Ian White                1  1  2   3  0   3  0  1  0  1  0/0    24:41   4:24   0:00 
Ilya Kovalchuk           3  2  5   1  0   10 1  0  2  0  1/1    20:39   3:30   0:15 
Jiri Slegr               0  1  1   2  0   0  3  1  0  1  0/0    24:46   4:24   1:18 
Joe Callahan             0  0  0  -1  0   0  0  0  0  0  0/0    16:45   2:47   0:56 
Joe Pavelski             0  2  2   1  0   4  0  0  1  1  1/2    19:29   3:28   0:00 
Jonathan Toews           0  1  1   1  0   2  3  0  1  0  10/20  17:18   3:27   0:00 
Kurtis Foster            0  0  0   0  5   1  4  1  0  1  0/0    20:02   2:47   0:00 
Mark Fistric             0  0  0  -1  0   0  1  0  0  0  0/0    13:25   0:00   1:18 
Marty Reasoner           0  0  0   0  0   0  1  0  0  0  2/4    12:49   0:00   1:08 
Pascal Dupuis            0  0  0   0  0   0  2  0  0  0  0/0     8:30   0:11   0:00 
Patrick Kaleta           0  1  1   0  2   0  0  0  1  0  0/0    11:40   0:00   0:00 
Patrick Marleau          1  2  3   1  0   2  1  1  0  0  0/0    17:15   3:28   0:00 
Pavol Demitra            0  1  1   1  5   0  1  1  1  1  0/1    17:57   3:30   0:00 
Pierre-Marc Bouchard     2  1  3   1  0   4  3  0  0  0  20/31  20:14   3:30   0:00 
Rob Scuderi              1  0  1   1  0   1  0  0  0  0  0/0    19:48   0:00   0:56 
Steve Begin              0  1  1   0  0   2  4  2  0  0  0/0    13:33   0:16   1:06 

Players Stats for Flames

Player Name              G  A  P  +/- PIM S  H  SB GA TA FO     MP     PP MP  PK MP  
------------------------------------------------------------------------------------
Alexander Semin          0  3  3  -2  0   4  3  0  0  0  3/4    19:27   1:23   1:18 
Branko Radivojevic       1  0  1   0  0   3  2  0  2  0  1/1    12:12   0:51   0:00 
Brett Lebda              0  0  0  -2  2   0  1  0  0  0  0/0    20:14   0:36   1:51 
David Backes             1  1  2  -2  5   6  1  0  0  1  0/1    15:30   1:23   0:00 
David Moss               0  0  0   0  0   3  0  0  0  0  0/0    10:16   0:00   0:00 
Eric Staal               2  1  3  -2  2   10 3  0  0  0  15/34  20:27   1:23   1:49 
Erik Johnson             0  0  0   0  0   2  0  0  0  0  0/0    12:29   0:36   0:32 
Jordin Tootoo            0  0  0  -1  5   2  1  0  0  0  0/0    15:02   0:00   2:22 
Josef Vasicek            0  0  0   0  0   1  1  0  1  0  1/1    11:35   0:51   0:48 
Michal Handzus           0  1  1   0  0   3  0  1  0  0  5/16   17:35   0:00   4:10 
Owen Nolan               0  0  0   0  0   0  0  0  0  0  0/0     9:52   0:00   0:00 
Petr Schastlivy          0  0  0   1  2   0  3  0  0  0  0/0    16:54   0:00   3:43 
Rob Blake                0  0  0   0  2   1  2  1  2  1  0/0    22:54   1:38   0:29 
Ron Hainsey              0  0  0   0  0   0  0  0  0  1  0/0    13:30   0:00   2:52 
Steve Eminger            0  0  0  -2  0   3  0  1  0  1  0/0    22:22   0:00   4:19 
Steve Sullivan           0  1  1   0  0   0  0  0  0  1  0/1    14:20   0:51   0:00 
Steven Reinprecht        0  0  0   0  2   0  0  0  0  0  1/3    10:16   0:00   0:12 
Tomas Kaberle            0  0  0   0  2   1  2  4  1  1  0/0    27:46   1:38   4:19 

3 Stars

1 - Ilya Kovalchuk (Edm)
2 - Pierre-Marc Bouchard (Edm)
3 - Patrick Marleau (Edm)

Power Play

Oilers - 3 on 6 Attempt(s) - 50,00%
Flames - 1 on 2 Attempt(s) - 50,00%

Penalty Kill

Oilers - 1 on 2 Attempt(s) - 50,00% - Score 0 goal in Penalty Kill
Flames - 3 on 6 Attempt(s) - 50,00% - Score 0 goal in Penalty Kill

Official

Referees : Ciamaga Chris and Furlatt Eric
Linesman : Thor Nelson and Mark Shewchyk

Game Notes

Craig Anderson enters game at 14:02 of 2nd period
Pavol Demitra beats up David Backes at 6:37 of 3rd period
Ilya Kovalchuk has scored a Hat Trick!
Jordin Tootoo beats up Kurtis Foster at 8:27 of 3rd period

Finance

Level 1 -- Attendance: 4631 (77,18%) -- Ticket Income 458 469 $
Level 2 -- Attendance: 4084 (81,68%) -- Ticket Income 240 956 $
Level 3 -- Attendance: 1771 (88,55%) -- Ticket Income 56 672 $
Level 4 -- Attendance: 3186 (79,65%) -- Ticket Income 70 092 $
Luxury Box -- Attendance: 656 (65,60%) -- Ticket Income 130 544 $
Game was played at the Metal Center
Total Attendance: 14328 (79,60%)
Total Ticket Income: 956 733 $
Total Income: 956 733 $

Oilers

5 vs 5 Forward 
   Center                   Left Wing                Right Wing               Time % Phy DF OF 
 1 Pierre-Marc Bouchard     Ilya Kovalchuk           Pavol Demitra            38     1   1  3  
 2 Jonathan Toews           Patrick Marleau          Joe Pavelski             32     1   1  3  
 3 Marty Reasoner           Steve Begin              Patrick Kaleta           20     2   1  2  
 4 Erik Rasmussen           Eric Nystrom             Pascal Dupuis            10     1   3  1  

5 vs 5 Defense 
   Defense                  Defense                                           Time % Phy DF OF 
 1 Kurtis Foster            Rob Scuderi                                       36     1   2  2  
 2 Ian White                Jiri Slegr                                        36     1   2  2  
 3 Joe Callahan             Mark Fistric                                      23     0   3  2  
 4 Kurtis Foster            Jiri Slegr                                        5      1   2  2  

PowerPlay Forward 
   Center                   Left Wing                Right Wing               Time % Phy DF OF 
 1 Pierre-Marc Bouchard     Ilya Kovalchuk           Pavol Demitra            50     0   1  4  
 2 Jonathan Toews           Patrick Marleau          Joe Pavelski             50     0   1  4  

PowerPlay Defense
   Defense                  Defense                                           Time % Phy DF OF 
 1 Kurtis Foster            Joe Callahan                                      50     0   2  3  
 2 Ian White                Jiri Slegr                                        50     0   2  3  

Penalty Kill 4 Players Forward 
   Center                   Wing                     Time % Phy DF OF 
 1 Erik Rasmussen           Steve Begin              50     1   3  1  
 2 Marty Reasoner           Eric Nystrom             50     1   3  1  

Penalty Kill 4 Players Defense
   Defense                  Defense                  Time % Phy DF OF 
 1 Jiri Slegr               Mark Fistric             50     1   3  1  
 2 Joe Callahan             Rob Scuderi              50     1   3  1  

Penalty Kill - 3 Players Forward 
   Forward                                           Time % Phy DF OF 
 1 Ilya Kovalchuk                                    50     1   2  2  
 2 Erik Rasmussen                                    50     1   3  1  

Penalty Kill - 3 Players Defense
   Defense                  Defense                  Time % Phy DF OF 
 1 Jiri Slegr               Mark Fistric             50     1   3  1  
 2 Ian White                Rob Scuderi              50     1   3  1  

4 vs 4 Forward 
   Center                   Wing                     Time % Phy DF OF 
 1 Pierre-Marc Bouchard     Ilya Kovalchuk           50     1   1  3  
 2 Joe Pavelski             Patrick Marleau          50     1   2  2  

4 vs 4 Defense
   Defense                  Defense                  Time % Phy DF OF 
 1 Kurtis Foster            Rob Scuderi              50     1   2  2  
 2 Ian White                Jiri Slegr               50     1   2  2  

Last Minutes Offensive
   Center                   Left Wing                Right Wing               Defense                  Defense                  
   Pierre-Marc Bouchard     Ilya Kovalchuk           Joe Pavelski             Jiri Slegr               Kurtis Foster            

Last Minutes Defensive
   Center                   Left Wing                Right Wing               Defense                  Defense                  
   Pierre-Marc Bouchard     Ilya Kovalchuk           Joe Pavelski             Ian White                Jiri Slegr               

Goaltenders
Starting : Cam Ward                 
Backup : Byron Dafoe              

Extra Forwards
Normal : Joe Pavelski, Ilya Kovalchuk, Patrick Marleau - PP : Steve Begin, Erik Rasmussen - PK : Ilya Kovalchuk
Extra Defensemen
Normal : Ian White, Kurtis Foster, Jiri Slegr - PP : Mark Fistric - PK : Ian White, Kurtis Foster
Penalty Shots
Ilya Kovalchuk, Joe Pavelski, Patrick Marleau, Pierre-Marc Bouchard, Pavol Demitra

Flames

5 vs 5 Forward 
   Center                   Left Wing                Right Wing               Time % Phy DF OF 
 1 Eric Staal               Alexander Semin          David Backes             35     1   2  2  
 2 Michal Handzus           Steve Sullivan           Jordin Tootoo            30     1   2  2  
 3 Josef Vasicek            Petr Schastlivy          Owen Nolan               20     1   2  2  
 4 Steven Reinprecht        David Moss               Branko Radivojevic       15     1   2  2  

5 vs 5 Defense 
   Defense                  Defense                                           Time % Phy DF OF 
 1 Tomas Kaberle            Rob Blake                                         40     1   2  2  
 2 Brett Lebda              Steve Eminger                                     30     1   2  2  
 3 Ron Hainsey              Erik Johnson                                      20     1   2  2  
 4 Tomas Kaberle            Steve Eminger                                     10     1   2  2  

PowerPlay Forward 
   Center                   Left Wing                Right Wing               Time % Phy DF OF 
 1 Eric Staal               Alexander Semin          David Backes             60     1   1  3  
 2 Josef Vasicek            Steve Sullivan           Branko Radivojevic       40     1   1  3  

PowerPlay Defense
   Defense                  Defense                                           Time % Phy DF OF 
 1 Tomas Kaberle            Rob Blake                                         60     1   2  2  
 2 Brett Lebda              Erik Johnson                                      40     1   2  2  

Penalty Kill 4 Players Forward 
   Center                   Wing                     Time % Phy DF OF 
 1 Michal Handzus           Petr Schastlivy          60     1   3  1  
 2 Eric Staal               Jordin Tootoo            40     1   3  1  

Penalty Kill 4 Players Defense
   Defense                  Defense                  Time % Phy DF OF 
 1 Tomas Kaberle            Steve Eminger            60     1   3  1  
 2 Brett Lebda              Ron Hainsey              40     1   3  1  

Penalty Kill - 3 Players Forward 
   Forward                                           Time % Phy DF OF 
 1 Eric Staal                                        60     1   3  1  
 2 Michal Handzus                                    40     1   3  1  

Penalty Kill - 3 Players Defense
   Defense                  Defense                  Time % Phy DF OF 
 1 Tomas Kaberle            Steve Eminger            60     1   3  1  
 2 Brett Lebda              Ron Hainsey              40     1   3  1  

4 vs 4 Forward 
   Center                   Wing                     Time % Phy DF OF 
 1 Michal Handzus           Alexander Semin          60     1   2  2  
 2 Eric Staal               David Backes             40     1   2  2  

4 vs 4 Defense
   Defense                  Defense                  Time % Phy DF OF 
 1 Tomas Kaberle            Rob Blake                60     1   2  2  
 2 Brett Lebda              Steve Eminger            40     1   2  2  

Last Minutes Offensive
   Center                   Left Wing                Right Wing               Defense                  Defense                  
   Eric Staal               Alexander Semin          David Backes             Tomas Kaberle            Steve Eminger            

Last Minutes Defensive
   Center                   Left Wing                Right Wing               Defense                  Defense                  
   Eric Staal               Petr Schastlivy          David Backes             Tomas Kaberle            Steve Eminger            

Goaltenders
Starting : Pekka Rinne              
Backup : Craig Anderson           

Extra Forwards
Normal : David Backes, Petr Schastlivy, Steve Sullivan - PP : David Backes, Steve Sullivan - PK : Jordin Tootoo
Extra Defensemen
Normal : Steve Eminger, Brett Lebda, Ron Hainsey - PP : Erik Johnson - PK : Rob Blake, Ron Hainsey
Penalty Shots
Eric Staal, Steve Sullivan, Alexander Semin, David Backes, Michal Handzus

% Time on Ice - Oilers

Lines # - Real PCT - Wanted PCT - Time Play
Normal Forward
1 - 34% - 38% - 17:01
2 - 28% - 32% - 14:05
3 - 23% - 20% - 11:36
4 - 16% - 10% - 7:53
Normal Defense
1 - 38% - 36% - 19:06
2 - 32% - 36% - 16:05
3 - 23% - 23% - 11:44
4 - 7% - 5% - 3:40
PP Forward
1 - 49% - 50% - 3:33
2 - 51% - 50% - 3:38
PP Defense
1 - 39% - 50% - 2:47
2 - 61% - 50% - 4:24
PK Forward
1 - 49% - 50% - 1:06
2 - 51% - 50% - 1:08
PK Defense
1 - 58% - 50% - 1:18
2 - 42% - 50% - 0:56
PK3 Forward
1 - 0% - 50%
2 - 0% - 50%
PK3 Defense
1 - 0% - 50%
2 - 0% - 50%
44 Forward
1 - 0% - 50%
2 - 0% - 50%
44 Defense
1 - 0% - 50%
2 - 0% - 50%
Last Minute Offensive  - 0:00
Last Minute Defensive  - 0:00
Total
Forward - 60:00
Defense - 60:00

% Time on Ice - Flames

Lines # - Real PCT - Wanted PCT - Time Play
Normal Forward
1 - 33% - 35% - 16:38
2 - 28% - 30% - 14:00
3 - 20% - 20% - 9:52
4 - 20% - 15% - 10:05
Normal Defense
1 - 42% - 40% - 21:07
2 - 32% - 30% - 16:07
3 - 20% - 20% - 10:14
4 - 6% - 10% - 3:07
PP Forward
1 - 62% - 60% - 1:23
2 - 38% - 40% - 0:51
PP Defense
1 - 73% - 60% - 1:38
2 - 27% - 40% - 0:36
PK Forward
1 - 74% - 60% - 5:21
2 - 26% - 40% - 1:50
PK Defense
1 - 60% - 60% - 4:19
2 - 40% - 40% - 2:52
PK3 Forward
1 - 0% - 60%
2 - 0% - 40%
PK3 Defense
1 - 0% - 60%
2 - 0% - 40%
44 Forward
1 - 0% - 60%
2 - 0% - 40%
44 Defense
1 - 0% - 60%
2 - 0% - 40%
Last Minute Offensive  - 0:00
Last Minute Defensive  - 0:00
Total
Forward - 60:00
Defense - 60:00

Play by Play

1st period


0:01 of 1st period - Pierre-Marc Bouchard wins face-off versus Alexander Semin in neutral zone.
0:04 of 1st period - Tomas Kaberle is hit by Kurtis Foster and loses puck.
0:13 of 1st period - Snap shot by Ilya Kovalchuk.
0:13 of 1st period - Stopped by Pekka Rinne without a rebound.
0:14 of 1st period - Jonathan Toews wins face-off versus Michal Handzus in Flames zone.
0:49 of 1st period - Mark Fistric is hit by Petr Schastlivy and loses puck.
1:06 of 1st period - Ron Hainsey is hit by Mark Fistric and loses puck.
1:57 of 1st period - Minor Penalty to Rob Blake for High sticking.
1:58 of 1st period - Pierre-Marc Bouchard wins face-off versus Michal Handzus in Flames zone.
3:57 of 1st period - Penalty to Rob Blake is over, Rob Blake is back on ice.
4:04 of 1st period - Steve Eminger is hit by Steve Begin.
4:20 of 1st period - Wrist shot by David Backes.
4:20 of 1st period - Stopped by Cam Ward with a rebound.
4:22 of 1st period - Wrist shot by Jordin Tootoo.
4:22 of 1st period - Shot Misses the Net.
4:24 of 1st period - Slapshot by Tomas Kaberle.
4:24 of 1st period - Shot Blocked by Steve Begin.
4:26 of 1st period - Slapshot by Erik Johnson.
4:26 of 1st period - Stopped by Cam Ward with a rebound.
4:34 of 1st period - Slapshot by Eric Staal.
4:34 of 1st period - Stopped by Cam Ward without a rebound.
4:35 of 1st period - Erik Rasmussen wins face-off versus Steven Reinprecht in Oilers zone.
4:37 of 1st period - Icing by Pascal Dupuis.
4:38 of 1st period - Branko Radivojevic wins face-off versus Erik Rasmussen in Oilers zone.
5:06 of 1st period - Snap shot by Ilya Kovalchuk.
5:06 of 1st period - Shot Misses the Net.
5:26 of 1st period - Snap shot by David Backes.
5:26 of 1st period - Shot Misses the Net.
5:28 of 1st period - Slapshot by Tomas Kaberle.
5:28 of 1st period - Stopped by Cam Ward without a rebound.
5:29 of 1st period - Jonathan Toews wins face-off versus Eric Staal in Oilers zone.
5:34 of 1st period - Slapshot by Joe Pavelski.
5:34 of 1st period - Stopped by Pekka Rinne with a rebound.
6:32 of 1st period - Rob Blake is hit by Jonathan Toews and loses puck.
6:41 of 1st period - Wrist shot by Joe Pavelski.
6:41 of 1st period - Shot Blocked by Rob Blake.
7:13 of 1st period - Wrist shot by Ilya Kovalchuk.
7:13 of 1st period - Stopped by Pekka Rinne with a rebound.
7:15 of 1st period - Slapshot by Ilya Kovalchuk.
7:15 of 1st period - Goal by Ilya Kovalchuk - Oilers : 1 - Flames : 0.
7:16 of 1st period - Josef Vasicek wins face-off versus Pierre-Marc Bouchard in neutral zone.
7:23 of 1st period - Pierre-Marc Bouchard is hit by Josef Vasicek and loses puck.
7:41 of 1st period - Ian White is hit by Tomas Kaberle and loses puck.
7:48 of 1st period - Snap shot by Alexander Semin.
7:48 of 1st period - Stopped by Cam Ward without a rebound.
7:49 of 1st period - Pierre-Marc Bouchard wins face-off versus Eric Staal in Oilers zone.
8:02 of 1st period - Snap shot by Pierre-Marc Bouchard.
8:02 of 1st period - Goal by Pierre-Marc Bouchard - Oilers : 2 - Flames : 0.
8:03 of 1st period - Pierre-Marc Bouchard wins face-off versus Eric Staal in neutral zone.
8:06 of 1st period - Alexander Semin is hit by Pierre-Marc Bouchard.
8:10 of 1st period - Slapshot by David Backes.
8:10 of 1st period - Stopped by Cam Ward with a rebound.
8:16 of 1st period - Snap shot by David Backes.
8:16 of 1st period - Goal by David Backes - Oilers : 2 - Flames : 1.
8:17 of 1st period - Jonathan Toews wins face-off versus Michal Handzus in neutral zone.
8:51 of 1st period - Jiri Slegr is hit by Eric Staal.
9:45 of 1st period - Off-side.
9:46 of 1st period - Pierre-Marc Bouchard wins face-off versus Michal Handzus in neutral zone.
9:50 of 1st period - Off-side.
9:51 of 1st period - Michal Handzus wins face-off versus Pierre-Marc Bouchard in neutral zone.
10:07 of 1st period - Steve Eminger is hit by Pierre-Marc Bouchard and loses puck.
10:50 of 1st period - Brett Lebda is hit by Jiri Slegr and loses puck.
11:09 of 1st period - Snap shot by Pavol Demitra.
11:09 of 1st period - Shot Hit the Post.
11:19 of 1st period - Snap shot by Jordin Tootoo.
11:19 of 1st period - Stopped by Cam Ward with a rebound.
11:54 of 1st period - Wrist shot by Ilya Kovalchuk.
11:54 of 1st period - Stopped by Pekka Rinne without a rebound.
11:55 of 1st period - Jonathan Toews wins face-off versus Eric Staal in Flames zone.
12:14 of 1st period - Kurtis Foster is hit by Tomas Kaberle and loses puck.
13:37 of 1st period - Kurtis Foster is hit by Branko Radivojevic.
13:41 of 1st period - Erik Johnson is hit by Kurtis Foster and loses puck.
13:54 of 1st period - Ron Hainsey is hit by Kurtis Foster and loses puck.
14:05 of 1st period - Mark Fistric is hit by Petr Schastlivy and loses puck.
16:23 of 1st period - Mark Fistric is hit by Brett Lebda and loses puck.
17:41 of 1st period - Jiri Slegr is hit by Rob Blake and loses puck.
17:56 of 1st period - Josef Vasicek is hit by Pascal Dupuis and loses puck.
19:20 of 1st period - Icing by Branko Radivojevic.
19:21 of 1st period - Pierre-Marc Bouchard wins face-off versus Michal Handzus in Flames zone.
19:43 of 1st period - Icing by Rob Blake.
19:44 of 1st period - Jonathan Toews wins face-off versus Michal Handzus in Flames zone.
19:49 of 1st period - Snap shot by Jonathan Toews.
19:49 of 1st period - Stopped by Pekka Rinne with a rebound.
19:51 of 1st period - Slapshot by Ian White.
19:51 of 1st period - Stopped by Pekka Rinne without a rebound.
19:52 of 1st period - Alexander Semin wins face-off versus Jonathan Toews in Flames zone.

2nd period


0:01 of 2nd period - Jonathan Toews wins face-off versus Eric Staal in neutral zone.
0:26 of 2nd period - Michal Handzus is hit by Pavol Demitra and loses puck.
0:37 of 2nd period - Wrist shot by Pavol Demitra.
0:37 of 2nd period - Shot Misses the Net.
0:51 of 2nd period - Slapshot by Kurtis Foster.
0:51 of 2nd period - Stopped by Pekka Rinne with a rebound.
0:59 of 2nd period - Snap shot by Steve Begin.
0:59 of 2nd period - Shot Blocked by Tomas Kaberle.
1:11 of 2nd period - Tomas Kaberle is hit by Jiri Slegr and loses puck.
1:58 of 2nd period - Backhand shot by Petr Schastlivy.
1:58 of 2nd period - Shot Blocked by Steve Begin.
2:04 of 2nd period - Wrist shot by Josef Vasicek.
2:04 of 2nd period - Stopped by Cam Ward with a rebound.
2:10 of 2nd period - Backhand shot by Steve Begin.
2:10 of 2nd period - Shot Misses the Net.
2:12 of 2nd period - Snap shot by Steve Begin.
2:12 of 2nd period - Stopped by Pekka Rinne without a rebound.
2:13 of 2nd period - Eric Staal wins face-off versus Jonathan Toews in Flames zone.
2:24 of 2nd period - Wrist shot by David Backes.
2:24 of 2nd period - Deflect By Eric Staal.
2:24 of 2nd period - Stopped by Cam Ward with a rebound.
2:26 of 2nd period - Snap shot by Eric Staal.
2:26 of 2nd period - Stopped by Cam Ward without a rebound.
2:27 of 2nd period - Pierre-Marc Bouchard wins face-off versus Eric Staal in Oilers zone.
2:38 of 2nd period - Wrist shot by Ilya Kovalchuk.
2:38 of 2nd period - Shot Blocked by Steve Eminger.
2:59 of 2nd period - Snap shot by Steve Sullivan.
2:59 of 2nd period - Shot Blocked by Patrick Marleau.
3:01 of 2nd period - Slapshot by Brett Lebda.
3:01 of 2nd period - Deflect By Jordin Tootoo.
3:01 of 2nd period - Shot Misses the Net.
3:01 of 2nd period - Puck is out of play.
3:02 of 2nd period - Eric Staal wins face-off versus Pierre-Marc Bouchard in Oilers zone.
3:03 of 2nd period - Wrist shot by Alexander Semin.
3:03 of 2nd period - Shot Misses the Net.
3:05 of 2nd period - Snap shot by Eric Staal.
3:05 of 2nd period - Shot Blocked by Kurtis Foster.
3:07 of 2nd period - Wrist shot by Erik Johnson.
3:07 of 2nd period - Deflect By Eric Staal.
3:07 of 2nd period - Shot Misses the Net.
3:07 of 2nd period - Puck is out of play.
3:08 of 2nd period - Pierre-Marc Bouchard wins face-off versus Eric Staal in Oilers zone.
3:33 of 2nd period - Ron Hainsey is hit by Jiri Slegr and loses puck.
4:06 of 2nd period - Wrist shot by Steve Begin.
4:06 of 2nd period - Stopped by Pekka Rinne without a rebound.
4:07 of 2nd period - Jonathan Toews wins face-off versus Michal Handzus in Flames zone.
4:22 of 2nd period - Off-side.
4:23 of 2nd period - Steven Reinprecht wins face-off versus Pierre-Marc Bouchard in neutral zone.
4:48 of 2nd period - Steve Eminger is hit by Steve Begin and loses puck.
5:09 of 2nd period - Snap shot by Branko Radivojevic.
5:09 of 2nd period - Shot Blocked by Jiri Slegr.
5:11 of 2nd period - Backhand shot by Tomas Kaberle.
5:11 of 2nd period - Shot Misses the Net.
5:33 of 2nd period - Snap shot by Branko Radivojevic.
5:33 of 2nd period - Stopped by Cam Ward with a rebound.
5:35 of 2nd period - Snap shot by David Moss.
5:35 of 2nd period - Stopped by Cam Ward with a rebound.
5:57 of 2nd period - Wrist shot by David Moss.
5:57 of 2nd period - Stopped by Cam Ward without a rebound.
5:58 of 2nd period - Eric Staal wins face-off versus Jonathan Toews in Oilers zone.
6:03 of 2nd period - Slapshot by David Backes.
6:03 of 2nd period - Stopped by Cam Ward with a rebound.
6:05 of 2nd period - Slapshot by Rob Blake.
6:05 of 2nd period - Deflect By Eric Staal.
6:05 of 2nd period - Stopped by Cam Ward without a rebound.
6:06 of 2nd period - Eric Staal wins face-off versus Jonathan Toews in Oilers zone.
6:07 of 2nd period - Snap shot by David Backes.
6:07 of 2nd period - Stopped by Cam Ward with a rebound.
6:19 of 2nd period - Wrist shot by Joe Pavelski.
6:19 of 2nd period - Deflect By Patrick Marleau.
6:19 of 2nd period - Shot Misses the Net.
6:19 of 2nd period - Puck is out of play.
6:20 of 2nd period - Pierre-Marc Bouchard wins face-off versus Eric Staal in Flames zone.
6:20 of 2nd period - Minor Penalty to Eric Staal for Holding Stick.
6:21 of 2nd period - Joe Pavelski wins face-off versus Michal Handzus in Flames zone.
6:28 of 2nd period - Slapshot by Patrick Marleau.
6:28 of 2nd period - Shot Blocked by Tomas Kaberle.
6:54 of 2nd period - Wrist shot by Ilya Kovalchuk.
6:54 of 2nd period - Shot Blocked by Tomas Kaberle.
6:56 of 2nd period - Wrist shot by Ilya Kovalchuk.
6:56 of 2nd period - Shot Misses the Net.
8:20 of 2nd period - Penalty to Eric Staal is over, Eric Staal is back on ice.
8:58 of 2nd period - Wrist shot by Steve Begin.
8:58 of 2nd period - Shot Misses the Net.
9:39 of 2nd period - Joe Callahan is hit by Alexander Semin and loses puck.
10:12 of 2nd period - Minor Penalty to Petr Schastlivy for Boarding.
10:13 of 2nd period - Michal Handzus wins face-off versus Pierre-Marc Bouchard in Flames zone.
10:46 of 2nd period - Wrist shot by Patrick Marleau.
10:46 of 2nd period - Goal by Patrick Marleau - Oilers : 3 - Flames : 1.
10:47 of 2nd period - Pierre-Marc Bouchard wins face-off versus Eric Staal in neutral zone.
10:56 of 2nd period - Wrist shot by Eric Staal.
10:56 of 2nd period - Shot Misses the Net.
10:58 of 2nd period - Snap shot by Steve Eminger.
10:58 of 2nd period - Stopped by Cam Ward without a rebound.
10:59 of 2nd period - Pierre-Marc Bouchard wins face-off versus Eric Staal in Oilers zone.
12:32 of 2nd period - Minor Penalty to Erik Rasmussen for Goalie Interference.
12:33 of 2nd period - Ilya Kovalchuk wins face-off versus Eric Staal in Oilers zone.
12:33 of 2nd period - Ilya Kovalchuk is hit by Alexander Semin.
12:41 of 2nd period - Wrist shot by Alexander Semin.
12:41 of 2nd period - Stopped by Cam Ward with a rebound.
12:43 of 2nd period - Snap shot by David Backes.
12:43 of 2nd period - Shot Misses the Net.
12:45 of 2nd period - Slapshot by Eric Staal.
12:45 of 2nd period - Shot Misses the Net.
12:47 of 2nd period - Wrist shot by Eric Staal.
12:47 of 2nd period - Goal by Eric Staal - Oilers : 3 - Flames : 2.
12:48 of 2nd period - Pierre-Marc Bouchard wins face-off versus Michal Handzus in neutral zone.
13:13 of 2nd period - Rob Blake is hit by Steve Begin and loses puck.
13:42 of 2nd period - Patrick Marleau is hit by Jordin Tootoo and loses puck.
13:54 of 2nd period - Minor Penalty to Tomas Kaberle for Holding.
13:55 of 2nd period - Pierre-Marc Bouchard wins face-off versus Eric Staal in Flames zone.
14:02 of 2nd period - Wrist shot by Ilya Kovalchuk.
14:02 of 2nd period - Goal by Ilya Kovalchuk - Oilers : 4 - Flames : 2.
14:02 of 2nd period - Craig Anderson enters game.
14:03 of 2nd period - Eric Staal wins face-off versus Pierre-Marc Bouchard in neutral zone.
14:11 of 2nd period - Snap shot by David Backes.
14:11 of 2nd period - Shot Misses the Net.
14:13 of 2nd period - Snap shot by Steve Eminger.
14:13 of 2nd period - Deflect By Alexander Semin.
14:13 of 2nd period - Shot Misses the Net.
14:13 of 2nd period - Puck is out of play.
14:14 of 2nd period - Eric Staal wins face-off versus Pierre-Marc Bouchard in Oilers zone.
14:21 of 2nd period - Snap shot by Alexander Semin.
14:21 of 2nd period - Stopped by Cam Ward with a rebound.
14:23 of 2nd period - Wrist shot by Steve Eminger.
14:23 of 2nd period - Shot Hit the Post.
14:43 of 2nd period - Snap shot by Petr Schastlivy.
14:43 of 2nd period - Shot Misses the Net.
15:03 of 2nd period - Wrist shot by Patrick Marleau.
15:03 of 2nd period - Shot Misses the Net.
15:05 of 2nd period - Snap shot by Patrick Marleau.
15:05 of 2nd period - Stopped by Craig Anderson without a rebound.
15:06 of 2nd period - Eric Staal wins face-off versus Jonathan Toews in Flames zone.
15:06 of 2nd period - David Backes is hit by Jonathan Toews and loses puck.
15:11 of 2nd period - Slapshot by Joe Pavelski.
15:11 of 2nd period - Stopped by Craig Anderson with a rebound.
15:13 of 2nd period - Slapshot by Ian White.
15:13 of 2nd period - Goal by Ian White - Oilers : 5 - Flames : 2.
15:14 of 2nd period - Pierre-Marc Bouchard wins face-off versus David Backes in neutral zone.
15:25 of 2nd period - Slapshot by Eric Staal.
15:25 of 2nd period - Stopped by Cam Ward with a rebound.
15:27 of 2nd period - Wrist shot by David Backes.
15:27 of 2nd period - Stopped by Cam Ward without a rebound.
15:28 of 2nd period - Jonathan Toews wins face-off versus Steve Sullivan in Oilers zone.
15:49 of 2nd period - Steve Eminger is hit by Jonathan Toews and loses puck.
16:03 of 2nd period - Snap shot by Michal Handzus.
16:03 of 2nd period - Deflect By Ian White.
16:03 of 2nd period - Stopped by Cam Ward with a rebound.
16:05 of 2nd period - Slapshot by Steve Eminger.
16:05 of 2nd period - Stopped by Cam Ward with a rebound.
16:07 of 2nd period - Snap shot by Jordin Tootoo.
16:07 of 2nd period - Shot Blocked by Ian White.
16:25 of 2nd period - Slapshot by Steve Sullivan.
16:25 of 2nd period - Shot Misses the Net.
16:27 of 2nd period - Wrist shot by Michal Handzus.
16:27 of 2nd period - Stopped by Cam Ward with a rebound.
16:29 of 2nd period - Snap shot by Jordin Tootoo.
16:29 of 2nd period - Stopped by Cam Ward without a rebound.
16:30 of 2nd period - Pierre-Marc Bouchard wins face-off versus Eric Staal in Oilers zone.
16:37 of 2nd period - Snap shot by Alexander Semin.
16:37 of 2nd period - Shot Blocked by Pavol Demitra.
16:42 of 2nd period - Off-side.
16:43 of 2nd period - Alexander Semin wins face-off versus Pavol Demitra in neutral zone.
17:17 of 2nd period - Slapshot by Ilya Kovalchuk.
17:17 of 2nd period - Stopped by Craig Anderson with a rebound.
18:02 of 2nd period - Snap shot by Michal Handzus.
18:02 of 2nd period - Stopped by Cam Ward with a rebound.
18:04 of 2nd period - Wrist shot by Jordin Tootoo.
18:04 of 2nd period - Shot Misses the Net.
18:06 of 2nd period - Slapshot by Steve Eminger.
18:06 of 2nd period - Shot Misses the Net.
18:08 of 2nd period - Snap shot by Steve Sullivan.
18:08 of 2nd period - Shot Misses the Net.
18:20 of 2nd period - Slapshot by David Backes.
18:20 of 2nd period - Shot Misses the Net.
18:22 of 2nd period - Wrist shot by Eric Staal.
18:22 of 2nd period - Stopped by Cam Ward with a rebound.
18:24 of 2nd period - Slapshot by Erik Johnson.
18:24 of 2nd period - Stopped by Cam Ward without a rebound.
18:25 of 2nd period - Alexander Semin wins face-off versus Jonathan Toews in Oilers zone.
18:56 of 2nd period - Minor Penalty to Patrick Kaleta for High sticking.
18:57 of 2nd period - Marty Reasoner wins face-off versus Eric Staal in Oilers zone.

3rd period


0:01 of 3rd period - Marty Reasoner wins face-off versus Eric Staal in neutral zone.
0:56 of 3rd period - Penalty to Patrick Kaleta is over, Patrick Kaleta is back on ice.
1:20 of 3rd period - Slapshot by Patrick Marleau.
1:20 of 3rd period - Shot Misses the Net.
1:22 of 3rd period - Snap shot by Rob Scuderi.
1:22 of 3rd period - Shot Misses the Net.
1:45 of 3rd period - Minor Penalty to Brett Lebda for Hooking.
1:46 of 3rd period - Jonathan Toews wins face-off versus Michal Handzus in Flames zone.
2:25 of 3rd period - Wrist shot by Ilya Kovalchuk.
2:25 of 3rd period - Shot Misses the Net.
2:59 of 3rd period - Joe Callahan is hit by Rob Blake.
3:09 of 3rd period - Alexander Semin is hit by Pierre-Marc Bouchard and loses puck.
3:20 of 3rd period - Ian White is hit by Alexander Semin and loses puck.
3:45 of 3rd period - Penalty to Brett Lebda is over, Brett Lebda is back on ice.
4:08 of 3rd period - Ian White is hit by Petr Schastlivy and loses puck.
4:21 of 3rd period - Rob Blake is hit by Pascal Dupuis.
4:31 of 3rd period - Eric Nystrom is hit by Branko Radivojevic and loses puck.
5:19 of 3rd period - Ron Hainsey is hit by Patrick Marleau and loses puck.
5:37 of 3rd period - Patrick Kaleta is hit by David Backes and loses puck.
5:50 of 3rd period - Snap shot by David Moss.
5:50 of 3rd period - Stopped by Cam Ward without a rebound.
5:51 of 3rd period - Pierre-Marc Bouchard wins face-off versus Steven Reinprecht in Oilers zone.
5:58 of 3rd period - Branko Radivojevic is hit by Ilya Kovalchuk.
6:01 of 3rd period - Minor Penalty to Steven Reinprecht for Hooking.
6:02 of 3rd period - Michal Handzus wins face-off versus Jonathan Toews in Flames zone.
6:31 of 3rd period - Wrist shot by Ilya Kovalchuk.
6:31 of 3rd period - Shot Misses the Net.
6:33 of 3rd period - Wrist shot by Pierre-Marc Bouchard.
6:33 of 3rd period - Goal by Pierre-Marc Bouchard - Oilers : 6 - Flames : 2.
6:34 of 3rd period - Pierre-Marc Bouchard wins face-off versus Eric Staal in neutral zone.
6:34 of 3rd period - Pierre-Marc Bouchard is hit by Eric Staal.
6:37 of 3rd period - Pavol Demitra beats up David Backes.
6:37 of 3rd period - Penalty to David Backes for Fighting.
6:37 of 3rd period - Penalty to Pavol Demitra for Fighting.
6:38 of 3rd period - Eric Staal wins face-off versus Pierre-Marc Bouchard in neutral zone.
6:45 of 3rd period - Snap shot by Eric Staal.
6:45 of 3rd period - Deflect By Alexander Semin.
6:45 of 3rd period - Stopped by Cam Ward with a rebound.
6:47 of 3rd period - Snap shot by Eric Staal.
6:47 of 3rd period - Stopped by Cam Ward without a rebound.
6:48 of 3rd period - Eric Staal wins face-off versus Pierre-Marc Bouchard in Oilers zone.
7:13 of 3rd period - Backhand shot by Eric Staal.
7:13 of 3rd period - Goal by Eric Staal - Oilers : 6 - Flames : 3.
7:14 of 3rd period - Eric Staal wins face-off versus Joe Pavelski in neutral zone.
7:16 of 3rd period - Off-side.
7:17 of 3rd period - Eric Staal wins face-off versus Jonathan Toews in neutral zone.
7:46 of 3rd period - Slapshot by Ian White.
7:46 of 3rd period - Deflect By Ilya Kovalchuk.
7:46 of 3rd period - Goal by Ilya Kovalchuk - Oilers : 7 - Flames : 3.
7:47 of 3rd period - Pierre-Marc Bouchard wins face-off versus Eric Staal in neutral zone.
7:56 of 3rd period - Slapshot by Ilya Kovalchuk.
7:56 of 3rd period - Stopped by Craig Anderson without a rebound.
7:57 of 3rd period - Eric Staal wins face-off versus Pierre-Marc Bouchard in Flames zone.
8:04 of 3rd period - Snap shot by Ilya Kovalchuk.
8:04 of 3rd period - Deflect By Joe Pavelski.
8:04 of 3rd period - Stopped by Craig Anderson with a rebound.
8:06 of 3rd period - Slapshot by Ian White.
8:06 of 3rd period - Stopped by Craig Anderson with a rebound.
8:08 of 3rd period - Wrist shot by Ilya Kovalchuk.
8:08 of 3rd period - Stopped by Craig Anderson with a rebound.
8:10 of 3rd period - Snap shot by Pierre-Marc Bouchard.
8:10 of 3rd period - Shot Misses the Net.
8:12 of 3rd period - Snap shot by Pierre-Marc Bouchard.
8:12 of 3rd period - Stopped by Craig Anderson with a rebound.
8:23 of 3rd period - Snap shot by Pierre-Marc Bouchard.
8:23 of 3rd period - Shot Blocked by Tomas Kaberle.
8:25 of 3rd period - Wrist shot by Ilya Kovalchuk.
8:25 of 3rd period - Stopped by Craig Anderson without a rebound.
8:26 of 3rd period - Michal Handzus wins face-off versus Marty Reasoner in Flames zone.
8:26 of 3rd period - Michal Handzus is hit by Marty Reasoner.
8:27 of 3rd period - Jordin Tootoo beats up Kurtis Foster.
8:27 of 3rd period - Penalty to Jordin Tootoo for Fighting.
8:27 of 3rd period - Penalty to Kurtis Foster for Fighting.
8:28 of 3rd period - Eric Staal wins face-off versus Jonathan Toews in Flames zone.
8:45 of 3rd period - Off-side.
8:46 of 3rd period - Pierre-Marc Bouchard wins face-off versus Michal Handzus in neutral zone.
8:55 of 3rd period - Wrist shot by Pierre-Marc Bouchard.
8:55 of 3rd period - Deflect By Steve Eminger.
8:55 of 3rd period - Stopped by Craig Anderson with a rebound.
8:57 of 3rd period - Snap shot by Mark Fistric.
8:57 of 3rd period - Shot Blocked by Michal Handzus.
8:59 of 3rd period - Slapshot by Joe Pavelski.
8:59 of 3rd period - Stopped by Craig Anderson with a rebound.
9:18 of 3rd period - Slapshot by Rob Scuderi.
9:18 of 3rd period - Goal by Rob Scuderi - Oilers : 8 - Flames : 3.
9:19 of 3rd period - Michal Handzus wins face-off versus Jonathan Toews in neutral zone.
10:28 of 3rd period - Backhand shot by Eric Nystrom.
10:28 of 3rd period - Stopped by Craig Anderson without a rebound.
10:29 of 3rd period - Pierre-Marc Bouchard wins face-off versus Eric Staal in Flames zone.
11:00 of 3rd period - Wrist shot by Steve Sullivan.
11:00 of 3rd period - Deflect By Branko Radivojevic.
11:00 of 3rd period - Goal by Branko Radivojevic - Oilers : 8 - Flames : 4.
11:01 of 3rd period - Jonathan Toews wins face-off versus Eric Staal in neutral zone.
11:08 of 3rd period - Snap shot by Eric Staal.
11:08 of 3rd period - Stopped by Cam Ward with a rebound.
11:10 of 3rd period - Slapshot by Rob Blake.
11:10 of 3rd period - Stopped by Cam Ward with a rebound.
11:16 of 3rd period - Snap shot by Eric Staal.
11:16 of 3rd period - Shot Misses the Net.
12:13 of 3rd period - Snap shot by Branko Radivojevic.
12:13 of 3rd period - Stopped by Cam Ward with a rebound.
13:36 of 3rd period - Snap shot by Ian White.
13:36 of 3rd period - Shot Misses the Net.
13:38 of 3rd period - Wrist shot by Jonathan Toews.
13:38 of 3rd period - Stopped by Craig Anderson without a rebound.
13:39 of 3rd period - Eric Staal wins face-off versus Pierre-Marc Bouchard in Flames zone.
14:04 of 3rd period - Steve Sullivan is hit by Steve Begin and loses puck.
14:47 of 3rd period - Snap shot by Pierre-Marc Bouchard.
14:47 of 3rd period - Shot Misses the Net.
15:19 of 3rd period - Josef Vasicek is hit by Kurtis Foster.
16:16 of 3rd period - Joe Callahan is hit by Eric Staal and loses puck.
16:39 of 3rd period - David Backes is hit by Erik Rasmussen and loses puck.
19:54 of 3rd period - Wrist shot by Steve Eminger.
19:54 of 3rd period - Stopped by Cam Ward without a rebound.
19:55 of 3rd period - Eric Staal wins face-off versus Marty Reasoner in Oilers zone.


Output by the SimonT Hockey Simulator (STHS) for François Prévost -- Original Page W3C XHTML 1.0 Valid
Hockey Simulator - Hockey Simulation - Hockey Manager